 Dungeon Crawl Stone Soup version 0.30-a0-172-gc5509c9e31 (webtiles) character file.

Game seed: 16624458421278466344

98 quinnr the Digger (level 4, -4/25 HPs)
             Began as a Gargoyle Earth Elementalist on Oct 1, 2022.
             Slain by a gnoll
             ... wielding a +0 halberd
              (14 damage)
             ... on level 2 of the Dungeon.
             The game lasted 00:03:59 (1967 turns).

quinnr the Digger (Gargoyle Earth Elementalist)     Turns: 1967, Time: 00:04:00

Health: -4/25      AC:  8    Str: 11    XL:     4   Next: 71%
Magic:  5/8        EV: 11    Int: 26    God:
Gold:   127        SH:  0    Dex: 10    Spells: 6/9 levels left

rFire   . . .      SeeInvis .    (no weapon)
rCold   . . .      Faith    .    (no shield)
rNeg    + . .      Spirit   .    i - +2 leather armour of the Depths {Int+2 Slay+3}
rPois   ∞          Reflect  .    (no helmet)
rElec   +          Harm     .    (no cloak)
rCorr   .          Rampage  .    (no gloves)
Will    .....                    (no boots)
Stlth   ++........               j - amulet of regeneration
HPRegen 1.04/turn                I - +6 ring of intelligence
MPRegen 0.11/turn                (no ring)

@: no status effects
A: sickness immunity, AC +3, negative energy resistance 1, electricity
resistance, torment resistance 1, petrification resistance
a: no special abilities


You were on level 2 of the Dungeon.
You visited 1 branch of the dungeon, and saw 3 of its levels.

You collected 127 gold pieces.


Innate Abilities, Weirdness & Mutations

You are immune to sickness and miasma.
Your stone body is resilient. (AC +3)
You are immune to poison.
You resist negative energy. (rN+)
You are resistant to electric shocks. (rElec)
You are resistant to unholy torment.
You are immune to petrification.


   Skills:
 + Level 1.1 Fighting
 + Level 0.9 Armour
 - Level 1.5 Dodging
 - Level 2.1 Stealth
 + Level 3.2 Spellcasting
 - Level 0.7 Transmutations
 - Level 5.0 Earth Magic


You had 6 spell levels left.
You knew the following spells:

 Your Spells              Type           Power      Damage    Failure   Level
a - Passwall              Tmut/Erth      15%        N/A       6%          2
z - Sandblast             Erth           60%        2d14      1%          1

Your spell library contained the following spells:

 Spells                   Type           Power      Damage    Failure   Level
 Stone Arrow              Conj/Erth      34%        3d9       13%         3
 Petrify                  Tmut/Erth      19%        N/A       36%         4

Inventory:

Armour
 a - a +0 robe
 i - the +2 leather armour of the Depths (worn) {Int+2 Slay+3}
   (You found it on level 2 of the Dungeon)

   Int:       It affects your intelligence (+2).
   Slay:      It affects your accuracy & damage with ranged weapons and melee
   (+3).
Magical Staves
 d - a staff of conjuration {!a}
Jewellery
 j - an amulet of regeneration (around neck)
 I - a +6 ring of intelligence (left hand)
Scrolls
 f - a scroll of vulnerability {unknown}
 h - a scroll of teleportation {unknown}
 k - a scroll of identify {unknown}
 n - a scroll of enchant weapon {unknown}
 o - a scroll of poison {unknown}
Potions
 b - a potion of magic
 c - a potion of degeneration {unknown}
 e - 2 potions of heal wounds {unknown}
 g - a potion of ambrosia {unknown}
 l - a potion of invisibility {unknown}
 m - a potion of attraction {unknown}

Dungeon Overview and Level Annotations

Branches:
Dungeon (3/15)

Altars:
Nemelex Xobeh

###############.#
#............##.#
#............##.# #########
#............##.# #........
#............##.# #........
#............##.# #........
#............##.# #........
#........^...##.###........
#........g@........#######'
######'###..[##..........#.
#########.#
###...###.#####.#.
#.........# ###..##.###
#.#. #.#########
##..)...###.#. #.##.....#
###..........
#.##.###'########
########.#.
#.##)##.........#
########.#.
#.##.##.........#
#........##


You could see a gnoll.


Message History

The blast of sand hits the bat!!
You kill the bat!
A gnoll comes into view. It is wielding a +0 halberd.
A gnoll comes into view. It is wielding a +0 spear.
You can't see any susceptible monsters within range! (Use Z to cast anyway.) Unknown command.
The gnoll shouts! x2
A gnoll comes into view. It is wielding a +0 club.
You can't see any susceptible monsters within range! (Use Z to cast anyway.) Unknown command.
You can't see any susceptible monsters within range! (Use Z to cast anyway.) Unknown command.
The blast of sand hits the gnoll.
The gnoll is moderately wounded.
The blast of sand misses the gnoll.
The gnoll hits you from afar with a +0 spear!
Unknown command.
The blast of sand hits the gnoll!
The gnoll is almost dead.
The gnoll hits you but does no damage. The gnoll hits you with a +0 halberd.
The gnoll hits you from afar with a +0 spear.
The gnoll barely misses you.
The gnoll hits you from afar with a +0 spear.
* * * LOW HITPOINT WARNING * * *
You climb upwards.
There is a stone staircase leading down here.
Unknown command.
The gnoll attacks as you move away! The gnoll hits you with a +0 halberd!
Ouch! That really hurt!
You die...

Skill      XL: |  1  2  3  4 |
---------------+-------------+-----
Earth Magic    | 4 5 |  5.0
Spellcasting   | 3 |  3.2
Fighting       | 1 |  1.1
Armour         | |  0.9
Dodging        | |  1.5
Stealth        | |  2.1
Transmutations | |  0.7

Action                   |  1- 3 |  4- 6 || total
-------------------------+-------+-------++-------
Melee: Unarmed           |     7 |       ||     7
 Cast: Sandblast         |    34 |    18 ||    52
Armor: Robe              |     6 |       ||     6
       Leather armour    |       |     2 ||     2
Dodge: Dodged            |     7 |     1 ||     8

Levels and vault maps discovered:
D:1:      dpeg_arrival_tiny_j, layout_basic,
          dreamdust_ecumenical_altar_angels_and_demons, amcnicky_mini_pool_small
D:2:      layout_basic, basic_altar, uniq_jessica
D:3:      layout_loops_ring, st_stairs_12, grunt_decor_cap

Notes
Turn   | Place    | Note
-------+----------+-------------------------------------------
     0 | D:1      | quinnr the Gargoyle Earth Elementalist began the quest for
                  | the Orb.
     0 | D:1      | Reached XP level 1. HP: 10/10 MP: 3/3
   144 | D:1      | Reached skill level 4 in Earth Magic
   230 | D:1      | Reached XP level 2. HP: 11/15 MP: 1/5
   364 | D:1      | Found a faded altar of an unknown god.
   683 | D:1      | Learned a level 2 spell: Passwall
   904 | D:2      | Reached XP level 3. HP: 19/19 MP: 3/6
   955 | D:2      | Found a sparkling altar of Nemelex Xobeh.
  1099 | D:2      | Noticed Jessica
  1100 | D:2      | Killed Jessica
  1101 | D:2      | Reached skill level 3 in Spellcasting
  1101 | D:2      | Reached skill level 5 in Earth Magic
  1101 | D:2      | Reached XP level 4. HP: 24/24 MP: 5/8
  1218 | D:2      | Identified the +2 leather armour of the Depths {Int+2
                  | Slay+3}
  1560 | D:2      | Reached skill level 1 in Fighting
  1967 | D:2      | Slain by a gnoll

Vanquished Creatures
  Jessica (D:2)
  3 adders (D:2)
  A worm (D:2)
  2 dart slugs
  6 ball pythons
  5 endoplasms
  A giant cockroach (D:1)
  3 goblins (D:2)
  3 hobgoblins
  3 quokkas
  5 bats
  A frilled lizard (D:1)
  2 kobolds (D:1)
  A rat (D:1)
37 creatures vanquished.

Table legend: (Time is in decaauts)
 A = Elapsed time spent in this place.
 B = Non-inter-level travel time spent in this place.
 C = Inter-level travel time spent in this place.
 D = Time resting spent in this place.
 E = Time spent auto-exploring this place.
 F = Levels seen in this place.
 G = Mean time per level.
                   A        B        C        D        E       F      G
               +--------+--------+--------+--------+--------+-----+--------+
         Total |   1992 |   1958 |     34 |      0 |   1675 |   3 |  664.0 |
       Dungeon |   1992 |   1958 |     34 |      0 |   1675 |   3 |  664.0 |
               +--------+--------+--------+--------+--------+-----+--------+

Top non-repeatable levels by time:
     D:2: 1063 daAuts
     D:1: 913 daAuts
     D:3: 15 daAuts

Table legend:
 A = Non-vault XP
 B = Vault XP
 C = Vault XP percentage of total XP
 D = Non-vault monster count
 E = Vault monster count
 F = Vault count percentage of total count
                 A         B        C        D         E       F
            +---------+---------+-------+---------+---------+-------
      Total |     103 |      38 |  27.0 |      35 |       2 |   5.4
            +---------+---------+-------+---------+---------+-------
        D:1 |      32 |       0 |   0.0 |      18 |       0 |   0.0
        D:2 |      71 |      37 |  34.3 |      17 |       1 |   5.6
        D:3 |       0 |       1 | 100.0 |       0 |       1 | 100.0
            +---------+---------+-------+---------+---------+-------
